 Dungeon Crawl Stone Soup version 0.30-a0-42-g806c11bf1d (webtiles) character file.

Game seed: 1355293258804652884

1343 IdlyInterested the Poker (level 8, 0/96 HPs)
             Began as a Demonspawn Gladiator on Aug 30, 2022.
             Slain by a black bear (5 damage)
             ... on level 6 of the Dungeon.
             The game lasted 00:19:59 (7077 turns).

IdlyInterested the Poker (Demonspawn Gladiator)     Turns: 7077, Time: 00:20:00

Health: 0/96       AC: 24    Str: 16    XL:     8   Next: 35%
Magic:  9/9        EV:  2    Int:  9    God:
Gold:   70         SH:  0    Dex: 22    Spells: 7/7 levels left

rFire   . . .      SeeInvis .    a - +1 trident
rCold   . . .      Faith    .    (no shield)
rNeg    . . .      Spirit   .    (body armour currently unavailable)
rPois   +          Reflect  .    (helmet currently unavailable)
rElec   .          Harm     .    (cloak currently unavailable)
rCorr   .          Rampage  .    (gloves currently unavailable)
Will    .....      NoTele   +    (boots currently unavailable)
Stlth   ++........               (no amulet)
HPRegen 0.26/turn                q - +6 ring of dexterity
MPRegen 0.11/turn                (no ring)

@: mighty, tree-form, attractive
A: stationary, stasis, torment immunity, boosted hp, (hooves 1), (thin metallic
scales 1), powered by pain 1
a: no special abilities


You were on level 6 of the Dungeon.
You were a tree.
You visited 2 branches of the dungeon, and saw 7 of its levels.

You collected 271 gold pieces.
You spent 201 gold pieces at shops.

Inventory:

Hand Weapons
 a - a +1 trident (weapon)
 r - the +2 short sword of Ronez {drain, Fly rPois}
   (You found it on level 4 of the Dungeon)

   A truly terrible weapon, it drains the life of any living foe it strikes.
   rPois:     It protects you from poison.
   Fly:       It grants you flight.
 E - a +4 antimagic hand axe
Missiles
 d - a throwing net
 e - a javelin
 k - 7 boomerangs (quivered)
 m - a poisoned dart
Armour
 b - a +0 leather armour
 c - a +1 helmet (melded)
 p - a +1 robe of cold resistance
 t - the +0 pair of gloves of the Valley {Harm Rampage +Inv Will-}
   (You found it on level 3 of the Dungeon)

   +Inv:      It lets you turn invisible.
   Harm:      It increases damage dealt and taken.
   Rampage:   It bestows one free step when moving towards enemies.
   Will:      It decreases your willpower.
 x - a +0 scale mail
 y - a +0 plate armour (melded)
Magical Staves
 v - a staff of fire
Jewellery
 q - a +6 ring of dexterity (left branch)
Wands
 w - a wand of charming (12)
 A - a wand of acid (8)
 B - a wand of polymorph (6)
Scrolls
 f - 5 scrolls of enchant armour
 g - 2 scrolls of fear
 j - 3 scrolls of teleportation
 o - a scroll of enchant weapon
 s - a scroll of torment {unknown}
Potions
 u - a potion of mutation
 z - a potion of brilliance
 C - a potion of cancellation


   Skills:
 * Level 6.2 Fighting
 + Level 6.6 Polearms
 - Level 1.7 Throwing
 - Level 4.0 Armour
 - Level 2.6 Dodging
 - Level 2.0 Invocations
 - Level 1.0 Evocations


You had 7 spell levels left.
You didn't know any spells.
Your spell library contained the following spells:

 Spells                   Type           Power      Damage    Failure   Level
 Slow                     Hex            0%         N/A       38%         1
 Call Canine Familiar     Summ           0%         N/A       77%         3
 Confusing Touch          Hex            0%         N/A       77%         3
 Portal Projectile        Hex/Tloc       0%         N/A       77%         3
 Vampiric Draining        Necr           0%         2d6       77%         3
 Leda's Liquefaction      Hex/Erth       0%         N/A       99%         4


Dungeon Overview and Level Annotations

Branches:
Dungeon (6/15)             Temple (1/1) D:4

Altars:
Ashenzari
Cheibriados
Dithmenos
Gozag
Kikubaaqudgha
Makhleb
Nemelex Xobeh
Okawaru
Qazlal
Sif Muna
Trog
Uskayaw
Vehumet
Wu Jian
Yredelemnul

Shops:
D:5 ?


Innate Abilities, Weirdness & Mutations

You are a tree.
Your roots penetrate the ground, keeping you stationary.
You cannot be teleported.
You are immune to unholy pain and torment.
Your maximum health is greatly increased.
Your equipment is partially melded.
((You have large cloven feet.))
((You are partially covered in thin metallic scales. (AC +2)))
You sometimes gain a little power by taking damage.


Message History

Something hits you but does no damage. 2 black bears come into view.
Found a bloodstained altar of Trog.
The black bear growls angrily.
You miss the orc. You kick the orc.
The orc is severely wounded.
The black bear bites the bush but does no damage.
The black bear claws the bush but does no damage. x2
The orc wizard hits you but does no damage.
The orc hits you with a +0 hand axe.
* * * LOW HITPOINT WARNING * * *
It was a potion of lignification.
You turn into a tree.
Your +1 helmet melds into your body.
Your +0 plate armour melds into your body.
Your roots penetrate the ground.
You feel less confused.
The orc wizard hits you but does no damage.
The orc hits you but does no damage.
It was a potion of might.
You feel very mighty all of a sudden.
The orc wizard gestures at you while chanting.
The puff of flame hits you but does no damage.
The orc hits you but does no damage.
You barely miss the orc wizard.
The orc wizard is heavily wounded.
The orc wizard hits you but does no damage.
Something hits you but does no damage. The orc hits you but does no damage. x2
You puncture the orc wizard!
You kill the orc wizard!
The orc completely misses you. Something hits you but does no damage.
The orc barely misses you.
It was a potion of attraction.
You feel attractive to monsters. The orc hits you but does no damage.
The orc barely misses you.
You hear some strange, mumbled words.
A magic dart appears from out of thin air!
The magic dart hits you.
* * * LOW HITPOINT WARNING * * *
The orc hits you but does no damage. The black bear bites you.
You die...

,,,,,,,,,,,,,,,,,**
,,,,,,,,,..._..#,,*
,,,,,,,,,..PP...,,*
,,,**,,,,........**
,*,,,,,..........*
**,**,,.........#*
**,,*,,,.......h##
*,,,,,,,#......h######*### **#**
**,*,,,*##.....{♣##...##..#*#..,,
*,,***.,#....##ooo.....)..#....,,
,,,,,*...#*#....r.)##.)...!...'**
*,,,,,.....#...#..#.....)..[..#~~
,,,,,,,,,#...<##..##...#.....##~~
,,,,,,,,,#.........#...#.....#~~~
****,,................##.....#~~~
*,,,..#.....###......,.....#*~~
*,**#<..>...#*##........##..#~~


You could see 2 black bears, 3 orcs and a rat.

Vanquished Creatures
  Grinder (D:4)
  Edmund (D:4)
  2 centaurs (D:5)
  2 phantoms
  Blork the orc (D:4)
  A necrophage (D:5)
  A scorpion (D:5)
  A hound (D:5)
  A quasit (D:4)
  3 orc priests
  5 orc wizards
  Robin (D:3)
  3 gnolls (D:5)
  4 adders
  A river rat (D:6)
  3 shadow imps (D:4)
  6 white imps
  3 worms (D:3)
  3 dart slugs
  13 orcs
  7 endoplasms
  3 giant cockroaches
  8 hobgoblins
  5 kobolds
  4 quokkas
  4 ball pythons
  A bat (D:2)
  4 frilled lizards
  12 goblins
  5 rats
109 creatures vanquished.

Vanquished Creatures (others)
  A human (D:3)
1 creature vanquished.

Grand Total: 110 creatures vanquished

Notes
Turn   | Place    | Note
-------+----------+-------------------------------------------
     0 | D:1      | IdlyInterested the Demonspawn Gladiator began the quest for
                  | the Orb.
     0 | D:1      | Reached XP level 1. HP: 16/16 MP: 1/1
   219 | D:1      | Reached skill level 1 in Armour
   268 | D:1      | Gained mutation: You have large cloven feet. [demonic
                  | ancestry]
   268 | D:1      | Reached XP level 2. HP: 21/22 MP: 2/2
   421 | D:1      | Found a faded altar of an unknown god.
  1418 | D:2      | Reached XP level 3. HP: 17/27 MP: 3/3
  2371 | D:3      | Reached skill level 1 in Invocations
  2373 | D:3      | Noticed Robin
  2382 | D:3      | Killed Robin
  2398 | D:3      | Reached skill level 1 in Evocations
  2407 | D:3      | Gained mutation: You are partially covered in thin metallic
                  | scales. (AC +2) [demonic ancestry]
  2407 | D:3      | Reached XP level 4. HP: 9/33 MP: 4/4
  2895 | D:3      | Found a faded altar of an unknown god.
  2981 | D:3      | Found a broken altar of Ashenzari.
  3023 | D:3      | Reached XP level 5. HP: 24/40 MP: 5/5
  3257 | D:3      | Identified the +0 pair of gloves of the Valley {Harm
                  | Rampage +Inv Will-}
  3409 | D:3      | Found an ancient bone altar of Kikubaaqudgha.
  3855 | D:3      | Noticed a human
  3856 | D:3      | Killed a human
  4171 | D:4      | Noticed Edmund
  4191 | D:4      | Killed Edmund
  4192 | D:4      | Gained mutation: You sometimes gain a little power by
                  | taking damage. [demonic ancestry]
  4192 | D:4      | Reached XP level 6. HP: 28/48 MP: 6/6
  4332 | D:4      | Identified the +2 short sword of Ronez {drain, Fly rPois}
  4402 | D:4      | Reached skill level 5 in Polearms
  4752 | D:4      | Noticed Grinder
  4762 | D:4      | Killed Grinder
  4763 | D:4      | Reached XP level 7. HP: 44/54 MP: 7/7
  5166 | D:4      | Noticed Blork the orc
  5174 | D:4      | Killed Blork the orc
  5309 | D:4      | Found a staircase to the Ecumenical Temple.
  5320 | Temple   | Entered the Ecumenical Temple
  5683 | D:5      | Entered Level 5 of the Dungeon
  5712 | D:5      | Found Evut's Magic Scroll Shoppe.
  6050 | D:5      | Reached skill level 5 in Fighting
  6050 | D:5      | Reached XP level 8. HP: 39/62 MP: 9/9
  6969 | D:5      | Bought a scroll of magic mapping for 97 gold pieces
  6969 | D:5      | Bought a scroll of identify for 26 gold pieces
  6969 | D:5      | Bought a scroll of identify for 26 gold pieces
  6969 | D:5      | Bought a scroll of identify for 26 gold pieces
  6969 | D:5      | Bought a scroll of identify for 26 gold pieces
  7071 | D:6      | Found a bloodstained altar of Trog.
  7077 | D:6      | Slain by a black bear

Illustrated notes

Levels and vault maps discovered:
D:1:      dpeg_arrival_tiny_a, layout_basic,
          hellmonk_ecumenical_altar_arch_garden
D:2:      layout_basic
D:3:      layout_basic, nicolae_overflow_ecumenical_swirl, tgw_kikubaaqudgha,
          mainiacjoe_overflow_brackets, uniq_robin
D:4:      layout_loops_corners, minmay_temple_entry_glassed_door,
          serial_demonic, serial_demonic_c, serial_demonic_e, serial_demonic_a,
          serial_demonic_d, serial_demonic_d, uniq_blork_the_orc, uniq_grinder,
          uniq_edmund
D:5:      layout_gridville, serial_shops,
          nicolae_shop_temple_entry_statues_fountains
D:6:      layout_cave_pools, trog_ov_bears_minmay, nicolae_ru_awakened_eye,
          ebering_ghost_rock_garden, gup_sewer_entry_bowl, kb_rosetta
Temple:   cyrus_circular_temple

Skill      XL: |  1  2  3  4  5  6  7  8 |
---------------+-------------------------+-----
Armour         | 1 2 3 4 |  4.0
Polearms       | 3 4 5 6 |  6.6
Invocations    | 1 2 |  2.0
Evocations     | 1 |  1.0
Fighting       | 4 5 6 |  6.2
Throwing       | |  1.7
Dodging        | |  2.6

Action                   |  1- 3 |  4- 6 |  7- 9 || total
-------------------------+-------+-------+-------++-------
Melee: Trident           |   104 |   105 |   187 ||   396
       Kick              |    16 |    25 |    45 ||    86
       Punch             |       |     1 |     2 ||     3
Throw: Stone             |    12 |    15 |       ||    27
       Throwing net      |     2 |     1 |       ||     3
       Dart              |       |     2 |       ||     2
       Boomerang         |       |     2 |     8 ||    10
  Use: Scroll            |     6 |     2 |     6 ||    14
       Potion            |     1 |     2 |     7 ||    10
 Stab: Sleeping          |     1 |       |       ||     1
       Held in net/web   |       |     1 |       ||     1
Armor: Leather armour    |    14 |       |       ||    14
       Ring mail         |    14 |     5 |       ||    19
       Plate armour      |       |    40 |   209 ||   249
       Chain mail        |       |     8 |       ||     8
       Skin              |       |       |    11 ||    11
Dodge: Dodged            |    38 |    19 |    78 ||   135

Table legend: (Time is in decaauts)
 A = Elapsed time spent in this place.
 B = Non-inter-level travel time spent in this place.
 C = Inter-level travel time spent in this place.
 D = Time resting spent in this place.
 E = Time spent auto-exploring this place.
 F = Levels seen in this place.
 G = Mean time per level.
                   A        B        C        D        E       F      G
               +--------+--------+--------+--------+--------+-----+--------+
         Total |   7113 |   6596 |    517 |   2068 |   3370 |   7 | 1016.1 |
       Dungeon |   7053 |   6536 |    517 |   2068 |   3328 |   6 | 1175.5 |
        Temple |     59 |     59 |      0 |      0 |     42 |   1 |   59.0 |
               +--------+--------+--------+--------+--------+-----+--------+

Top non-repeatable levels by time:
     D:4: 1665 daAuts
     D:2: 1498 daAuts
     D:3: 1348 daAuts
     D:5: 1267 daAuts
     D:1: 1192 daAuts
     D:6: 82 daAuts
  Temple: 59 daAuts
